 Dungeon Crawl Stone Soup version 0.32-a0-868-g153ae1a8d6 (webtiles) character file.

Game seed: 1994292596417383000

3455 shadizar the Thaumaturge (level 10, -6/68 HPs)
             Began as a Djinni Conjurer on Mar 28, 2024.
             Was a Follower of Makhleb.
             Shot with an arrow by a centaur (15 damage)
             ... on level 8 of the Dungeon.
             The game lasted 00:08:21 (7743 turns).

shadizar the Thaumaturge (Djinni Conjurer)          Turns: 7743, Time: 00:08:22

Health: -6/68      AC:  0    Str:  6    XL:     10   Next: 26%
Gold:   542        EV: 12    Int: 31    God:    Makhleb [*.....] SH:  0 Dex: 11

rFire   + + +        q - +7 dagger of the Enfolding Ancients {freeze, rF+ rC+ Will++}
rCold   . . .        (no shield)
rNeg    . . .        (no body armour)
rPois   ∞            (no helmet)
rElec   .            (no cloak)
rCorr   .            (no gloves)
SInv    .            (boots unavailable)
Will    +++..        (no amulet)
Stlth   ++           o - +6 ring of intelligence
HPRegen 0.31/turn    (no ring)
MPRegen 0.00/turn

%: infuse magic (-7 HP)
@: flying, studying Long Blades
A: sickness immunity, fire resistance 2, cold vulnerability 1, float, innate
caster, HP casting, extra vitality 1
a: Renounce Religion


You were on level 8 of the Dungeon.
You worshipped Makhleb.
Makhleb was aware of your devotion.
You visited 2 branches of the dungeon, and saw 9 of its levels.

You collected 542 gold pieces.

Inventory:

Hand Weapons
 q - the +7 dagger of the Enfolding Ancients (weapon) {freeze, rF+ rC+ Will++}
   (You found it on level 3 of the Dungeon)

   rF+:       It protects you from fire.
   rC+:       It protects you from cold.
   Will++:    It greatly increases your willpower.
Armour
 p - +0 steam dragon scales
 u - a +2 robe of willpower
Magical Staves
 f - a staff of earth
Jewellery
 g - a ring of fire
 o - a +6 ring of intelligence (left hand)
Wands
 r - a wand of warping (22)
Scrolls
 a - a scroll of enchant armour
 e - a scroll of enchant weapon
 h - 2 scrolls of teleportation
 i - a scroll of vulnerability {unknown}
 k - a scroll of fog {unknown}
 l - a scroll of identify
 n - a scroll of revelation
 s - 3 scrolls of fear {unknown}
Potions
 b - a potion of attraction
 c - 2 potions of heal wounds
 d - a potion of ambrosia
 j - 4 potions of enlightenment
 m - a potion of magic
 t - a potion of mutation
 v - a potion of curing {unknown}
 w - 2 potions of haste {unknown}
 z - a potion of might {unknown}
 A - a potion of cancellation {unknown}


   Skills:
 + Level 4.2 Fighting
 + Level 4.2 Armour
 + Level 5.3 Dodging
 - Level 1.5 Stealth
 * Level 9.8 Spellcasting
 * Level 9.8 Conjurations
 * Level 9.8 Hexes
   Level 0.0 Charms
 * Level 9.8 Summonings
 * Level 9.8 Necromancy
 * Level 9.8 Translocations
   Level 0.0 Transmutations
 * Level 9.8 Fire Magic
 * Level 9.8 Ice Magic
 * Level 9.8 Air Magic
 * Level 9.8 Earth Magic
 * Level 9.8 Alchemy


You knew the following spells:

 Your Spells              Type           Power      Damage    Failure   Level
a - Magic Dart            Conj           100%       1d8       1%          1
b - Searing Ray           Conj           100%       2d8       1%          2
c - Fulminant Prism       Conj/Alch      33%        3d15      1%          4
d - Iskenderun's Mystic   Conj/Tloc      67%        2d14      (+2d71%     4
e - Freeze                Ice            100%       1d10      1%          1
f - Ensorcelled Hibernat  Hex/Ice        100%       N/A       1%          2
g - Hailstorm             Conj/Ice       67%        3d12      1%          3
h - Maxwell's Portable P  Tloc           67%        2d(15-30) 1%          4
Your spell library was empty.

Dungeon Overview and Level Annotations

Branches:
Dungeon (8/15)             Temple (1/1) D:5
   Lair: D:8-11

Altars:
Cheibriados
Dithmenos
Elyvilon
Fedhas
Hepliaklqana
Makhleb
Nemelex Xobeh
Okawaru
Qazlal
Ru
Trog
Uskayaw
Wu Jian
Xom
Yredelemnul
Zin
The Shining One

Shops:
D:3 *   D:5 (

Annotations:
D:3 1 runed translucent door


Innate Abilities, Weirdness & Mutations

You are immune to sickness and miasma.
You are immune to poison.
Your flesh is very heat resistant. (rF++)
You are vulnerable to cold. (rC-)
You float through the air rather than walking.
You learn spells naturally, not from books.
Your magical power is your life essence.
You have superior vitality. (+4 MHP)


Message History

Found a long sword.
A gnoll comes into view. It is wielding a +0 spear.
Found a scroll labelled DAYRYE YSIONTAFE.
A gnoll is nearby!
A gnoll is nearby!
The magic dart hits the gnoll.
The gnoll is lightly wounded.
The gnoll shouts!
A gnoll comes into view. It is wielding a +0 spear.
The magic dart hits the gnoll.
The gnoll is heavily wounded.
The centaur shouts!
The gnoll shouts!
The centaur wields a +0 shortbow.
The centaur shoots an arrow.
The arrow hits you!
The magic dart hits the gnoll.
The gnoll is almost dead.
The centaur shoots an arrow.
The arrow hits you!
A gnoll comes into view. It is wielding a +0 spear.
The centaur shoots an arrow.
The arrow hits you!
You are too injured to fight recklessly!
You are too injured to fight recklessly!
You are too injured to fight recklessly!
You are too injured to fight recklessly!
Unknown command.
The centaur throws a stone.
The stone hits you!
The centaur throws a stone.
The stone hits you!
* * * LOW HITPOINT WARNING * * *
The centaur shoots an arrow.
The arrow closely misses you.
The centaur shoots an arrow.
The arrow hits you!
* * * LOW HITPOINT WARNING * * *
You are too injured to fight recklessly!
You feel much better.
The centaur throws a stone.
The stone hits you!
The centaur shoots an arrow.
The arrow hits you!
The centaur shoots an arrow.
The arrow hits you!
* * * LOW HITPOINT WARNING * * *
The centaur throws a stone.
The stone closely misses you.
The centaur shoots an arrow.
The arrow misses you.
The centaur shoots an arrow.
The arrow hits you!
You die...

##.. #... #..# #..##
## .... .. #..
###.#######.#####..
#).....÷.##.)......#
..#.##).@.))######.#
#.#.##.# ##c##
#.#..#.# #...#
#.##.#.# #...#
#.##.#[# #..)#
#......# #..!#
####.#######...####.
#c##.............
#gg..gcg.........


You could see a centaur.

Vanquished Creatures
  A cyclops (D:6)
  A wyvern (D:7)
  A wraith (D:6)
  A steam dragon (D:8)
  A water moccasin (D:7)
  Duvessa (D:4)
  A black bear (D:5)
  2 orc warriors
  An ice beast (D:6)
  3 ogres
  A centaur (D:7)
  3 phantoms
  A bullfrog (D:8)
  5 scorpions
  Dowan (D:4)
  5 jellies
  2 hounds
  3 bombardier beetles
  2 orc priests (D:4)
  A gnoll bouda (D:8)
  5 sleepcaps
  A human skeleton (D:3)
  7 iguanas
  5 orc wizards (D:7)
  8 gnolls
  11 adders
  A white imp (D:7)
  2 dart slugs
  6 ribbon worms
  20 orcs
  8 endoplasms
  5 giant cockroaches
  5 goblins
  4 hobgoblins
  4 jackals (D:5)
  5 kobolds
  A quokka (D:1)
  7 ball pythons
  15 bats
  4 frilled lizards
  4 rats
  2 butterflies (D:5)
167 creatures vanquished.

Vanquished Creatures (others)
  5 fulminant prisms
5 creatures vanquished.

Grand Total: 172 creatures vanquished

Notes
Turn   | Place    | Note
-------+----------+-------------------------------------------
     0 | D:1      | shadizar the Djinni Conjurer began the quest for the Orb.
     0 | D:1      | shadizar set off with the following spells memorised: Magic
                  | Dart, Searing Ray, Fulminant Prism, Iskenderun's Mystic
                  | Blast.
     0 | D:1      | Reached XP level 1. HP: 15/15 MP: 0/0
   129 | D:1      | Reached XP level 2. HP: 20/21 MP: 0/0
   247 | D:1      | Found a faded altar of an unknown god.
   599 | D:1      | Reached XP level 3. HP: 24/25 MP: 0/0
   599 | D:1      | Learned a level 1 spell: Freeze
   968 | D:2      | Reached XP level 4. HP: 27/31 MP: 0/0
  1447 | D:3      | Reached skill level 5 in Spellcasting
  1447 | D:3      | Reached skill level 5 in Conjurations
  1447 | D:3      | Reached skill level 5 in Hexes
  1447 | D:3      | Reached skill level 5 in Summonings
  1447 | D:3      | Reached skill level 5 in Necromancy
  1447 | D:3      | Reached skill level 5 in Translocations
  1447 | D:3      | Reached skill level 5 in Fire Magic
  1447 | D:3      | Reached skill level 5 in Ice Magic
  1447 | D:3      | Reached skill level 5 in Air Magic
  1447 | D:3      | Reached skill level 5 in Earth Magic
  1447 | D:3      | Reached skill level 5 in Alchemy
  1447 | D:3      | Reached XP level 5. HP: 32/35 MP: 0/0
  1447 | D:3      | Learned a level 2 spell: Ensorcelled Hibernation
  1523 | D:3      | Found Dogasuek's General Store.
  1555 | D:3      | Identified the +7 dagger of the Enfolding Ancients {freeze,
                  | rF+ rC+ Will++}
  1710 | D:3      | Found a runed translucent door.
  1711 | D:3      | Noticed a human
  1714 | D:3      | Found a basalt altar of Yredelemnul.
  2173 | D:3      | Noticed a phantom
  2184 | D:3      | Killed a phantom
  2185 | D:3      | Reached XP level 6. HP: 33/40 MP: 0/0
  2583 | D:4      | Found a stormy altar of Qazlal.
  2758 | D:4      | Reached XP level 7. HP: 21/45 MP: 0/0
  2758 | D:4      | Learned a level 3 spell: Hailstorm
  2899 | D:4      | Found a white marble altar of Elyvilon.
  3102 | D:4      | Found a blossoming altar of Fedhas.
  3105 | D:4      | Noticed Duvessa
  3106 | D:4      | Noticed Dowan
  3111 | D:4      | Killed Duvessa
  3122 | D:4      | Killed Dowan
  3510 | D:4      | Reached XP level 8. HP: 47/50 MP: 0/0
  3638 | D:5      | Entered Level 5 of the Dungeon
  4117 | D:5      | Found a staircase to the Ecumenical Temple.
  4135 | Temple   | Entered the Ecumenical Temple
  4165 | Temple   | Became a worshipper of Makhleb the Destroyer
  4267 | D:5      | Found Caedwe's Weapon Emporium.
  4574 | D:6      | Reached skill level 1 in Fighting
  4574 | D:6      | Reached skill level 1 in Armour
  4574 | D:6      | Reached XP level 9. HP: 46/57 MP: 0/0
  4574 | D:6      | Learned a level 4 spell: Maxwell's Portable Piledriver
  4793 | D:6      | Noticed a cyclops
  4799 | D:6      | Killed a cyclops
  5056 | D:6      | Found an iron altar of Okawaru.
  6276 | D:7      | Found an ornate altar of the Wu Jian Council.
  6609 | D:7      | Reached * piety under Makhleb
  6683 | D:7      | Reached XP level 10. HP: 35/67 MP: 0/0
  7131 | D:7      | Found a bloodstained altar of Trog.
  7250 | D:7      | Reached skill level 5 in Dodging
  7494 | D:7      | Found a hide-covered altar of Uskayaw.
  7536 | D:8      | Found the +7 Kryia's mail coat {PotionHeal*2 rC+}
  7743 | D:8      | Shot with an arrow by a centaur

Illustrated notes

Levels and vault maps discovered:
D:1:      dpeg_arrival_more_subterranean_lakeside_camping, layout_loops_ring,
          chequers_ecumenical_altar_twisty, minmay_quantized
D:2:      layout_rooms, serial_park_tiny_pond
D:3:      layout_loops_cross, dk_yredelemnul_ordeal, serial_shops, shop,
          fountainhead, chequers_serial_rivers_micro_d
D:4:      old_forge, layout_cave_pools, mainiacjoe_overflow_paths,
          fedhas_altar_3, nicolae_overflow_hidden_temple,
          nicolae_zig_zag_zippers, uniq_duvessa
D:5:      layout_rooms, minmay_temple_entry_butterflies,
          kennysheep_windowed_goal
D:6:      layout_layer_cave, overflow_temple_1_default,
          chequers_serial_rivers_micro_b, minmay_manual_monstrance
D:7:      layout_basic, lightli_temple_of_fire, kennysheep_mini,
          lemuel_coloured_pillars_altar, minmay_manual_monolith
D:8:      layout_loops_cross, serial_shops, shop, uniq_prince_ribbit1,
          uniq_psyche
Temple:   compressed_dpeg_circular_temple

Skill      XL: |  1  2  3  4  5  6  7  8  9 10 |
---------------+-------------------------------+-----
Spellcasting   | 4 5 6 7 8 9 |  9.8
Conjurations   | 4 5 6 7 8 9 |  9.8
Hexes          | 4 5 6 7 8 9 |  9.8
Summonings     | 4 5 6 7 8 9 |  9.8
Necromancy     | 4 5 6 7 8 9 |  9.8
Translocations | 4 5 6 7 8 9 |  9.8
Fire Magic     | 4 5 6 7 8 9 |  9.8
Ice Magic      | 4 5 6 7 8 9 |  9.8
Air Magic      | 4 5 6 7 8 9 |  9.8
Earth Magic    | 4 5 6 7 8 9 |  9.8
Alchemy        | 4 5 6 7 8 9 |  9.8
Fighting       | 1 3 4 |  4.2
Armour         | 1 3 4 |  4.2
Dodging        | 4 5 |  5.3
Stealth        | |  1.5

Action                     |  1- 3 |  4- 6 |  7- 9 | 10-12 || total
---------------------------+-------+-------+-------+-------++-------
  Melee: Dagger            |       |       |     9 |       ||     9
   Cast: Magic Dart        |    60 |   129 |   174 |    56 ||   419
         Freeze            |       |     8 |       |       ||     8
         Searing Ray       |       |     7 |     8 |       ||    15
         Fulminant Prism   |       |       |     5 |       ||     5
         Iskenderun's Myst |       |       |    40 |    16 ||    56
    Use: Scroll            |       |       |    14 |       ||    14
         Potion            |       |       |       |     1 ||     1
 Armour: Robe              |     4 |    16 |    20 |    10 ||    50
         Skin              |       |       |       |    10 ||    10
  Dodge: Dodged            |     5 |    20 |    23 |     7 ||    55

Table legend: (Time is in decaauts)
 A = Elapsed time spent in this place.
 B = Non-inter-level travel time spent in this place.
 C = Inter-level travel time spent in this place.
 D = Time resting spent in this place.
 E = Time spent auto-exploring this place.
 F = Levels seen in this place.
 G = Mean time per level.
                   A        B        C        D        E       F      G
               +--------+--------+--------+--------+--------+-----+--------+
         Total |   7741 |   7471 |    270 |      0 |   6486 |   9 |  860.1 |
       Dungeon |   7702 |   7432 |    270 |      0 |   6464 |   8 |  962.8 |
        Temple |     38 |     38 |      0 |      0 |     22 |   1 |   38.0 |
               +--------+--------+--------+--------+--------+-----+--------+

Top non-repeatable levels by time:
     D:6: 1711 daAuts
     D:7: 1382 daAuts
     D:3: 1135 daAuts
     D:4: 1058 daAuts
     D:1: 911 daAuts
     D:5: 847 daAuts
     D:2: 530 daAuts
     D:8: 125 daAuts
  Temple: 38 daAuts
